 Dungeon Crawl Stone Soup version 0.13-a0-2923-g04ac8d1 (webtiles) character file.

9587 PolkaDot the Cloud Mage (level 11, -8/66 HPs)
             Began as a Vampire Wizard on Sept 2, 2013.
             Was a High Priest of Sif Muna.
             Mangled by a six-headed hydra (14 damage)
             ... on Level 11 of the Dungeon.
             The game lasted 01:31:11 (11350 turns).

PolkaDot the Cloud Mage (Vampire Wizard)           Turns: 11350, Time: 01:31:13

HP  -8/66        AC  0     Str  1      XL: 11   Next: 17%
MP   8/21        EV 20     Int 23      God: Sif Muna [*****.]
Gold 576         SH  0     Dex 17      Spells:  3 memorised,  9 levels left

Res.Fire  : . . .   See Invis. : +   w - melded +2,+1 short sword (venom) (curse)
Res.Cold  : + . .   Warding    : .   A - melded +0 robe {MR+}
Life Prot.: + + .   Conserve   : +   (shield currently unavailable)
Res.Poison: +       Res.Corr.  : .   b - melded +1 wizard hat
Res.Elec. : .       Clarity    : .   u - melded +0 dwarf cloak
Sust.Abil.: . .     Spirit.Shd : .   (gloves currently unavailable)
Res.Mut.  : .       Stasis     : .   (boots currently unavailable)
Res.Rott. : +       Flight     : +   g - amulet of conservation
Saprovore : . . .                    D - melded ring of regeneration
                                     n - melded ring of fire

@: bat-form, regenerating slowly, flying, very quick, somewhat resistant to
hostile enchantments, quite stealthy
A: bottle blood, (fangs 0), see invisible, (unbreathing)
a: Bottle Blood, End Transformation, Channel Energy, Forget Spell, Renounce
Religion


You were on level 11 of the Dungeon.
You worshipped Sif Muna.
Sif Muna was exalted by your worship.
You were thirsty.
You were in vampire bat-form.
You visited 2 branches of the dungeon, and saw 12 of its levels.

You collected 556 gold pieces.

Inventory:

Hand weapons
 r - a +2,+2 flail of holy wrath
 w - a cursed +2,+1 short sword of venom (melded)
 C - a +0,+2 long sword of holy wrath
Armour
 b - a +1 wizard hat (melded)
 u - a +0 dwarven cloak (melded)
 A - a +0 robe of magic resistance (melded)
Magical devices
 a - a wand of invisibility (3)
 j - a wand of disintegration (24)
 p - a wand of fireball (4) {unknown}
 x - a wand of teleportation (4)
 z - a wand of enslavement (19) {unknown}
 F - a wand of confusion (10) {unknown}
 G - a wand of frost (0)
Scrolls
 e - 2 scrolls of teleportation
 f - a scroll of noise
 i - 2 scrolls of fog
 l - a scroll of blinking
 o - 2 scrolls of enchant weapon I
 q - 2 scrolls of enchant weapon II
 y - a scroll of acquirement {unknown}
 E - a scroll of amnesia
Jewellery
 d - an uncursed ring of protection from magic
 g - an amulet of conservation (around neck)
 k - a cursed ring of hunger
 n - a ring of fire (melded)
 t - a +6,+5 ring of slaying
 D - a ring of regeneration (melded)
Potions
 s - 2 potions of brilliance
 v - a potion of flight
 B - a potion of resistance
Books
 c - a book of Minor Magic

   Spells                             Type                      Level
   *Magic Dart                        Conjuration                  1
   Blink                              Translocation                2
   Call Imp                           Summoning                    2
   Repel Missiles                     Charms/Air                   2
   Slow                               Hexes                        2
   *Conjure Flame                     Conjuration/Fire             3
   *Mephitic Cloud                    Conjuration/Poison/Air       3
 m - a book of Necromancy

   Spells                             Type                      Level
   Pain                               Necromancy                   1
   Animate Skeleton                   Necromancy                   1
   Lethal Infusion                    Charms/Necromancy            2
   Vampiric Draining                  Necromancy                   3
   Regeneration                       Charms/Necromancy            3
   Animate Dead                       Necromancy                   4
   Control Undead                     Necromancy                   4
Magical staves
 H - an uncursed staff of summoning


   Skills:
 - Level 2.1 Dodging
 - Level 3.0 Stealth
 - Level 3.0 Spellcasting
 * Level 10.1 Conjurations
   Level 1.0 Summonings
   Level 0.7 Translocations
 * Level 10.2 Air Magic
 + Level 3.1 Poison Magic
 - Level 3.1 Invocations


You had 9 spell levels left.
You knew the following spells:

 Your Spells              Type           Power        Failure   Level  Hunger
a - Magic Dart            Conj           ####         2%          1    None
d - Conjure Flame         Conj/Fire      ####....     17%         3    ###....
s - Mephitic Cloud        Conj/Pois/Air  #####...     6%          3    ###....


Dungeon Overview and Level Annotations

Branches:
Dungeon (11/27)            Temple (1/1) D:5             Orc (0/4) D:9
   Lair: D:8-13

Altars:
Ashenzari
Cheibriados
Elyvilon
Fedhas
Kikubaaqudgha
Makhleb
Nemelex Xobeh
Okawaru
Sif Muna
Trog
Vehumet
Yredelemnul
Zin
the Shining One

Annotations:
D:8 AmberJosephineLiu's ghost, experienced LOAr


Innate Abilities, Weirdness & Mutations

You heal slowly.
You can bottle blood from corpses.
((You have razor-sharp teeth.))*
You have supernaturally acute eyesight.
((You can survive without breathing.))*


Message History

* * * LOW HITPOINT WARNING * * *
Drink which item? (? for menu, Esc to quit)
Okay, then.
Read which item? (? for menu, Esc to quit)
Okay, then.
Put on which piece of jewellery? (? for menu, Esc to quit)
Okay, then.
Use which ability? (? or * to list)
You turn into a vampire bat.
Your cursed short sword of venom melds into your body.
Your cursed short sword of venom stops dripping with poison.
Your +0 dwarven cloak melds into your body.
Your +1 wizard hat melds into your body.
Your +0 robe of magic resistance melds into your body.
You feel less resistant to hostile enchantments.
Your ring of fire melds into your body.
Your ring of regeneration melds into your body.
The six-headed hydra is engulfed in roaring flames.
The six-headed hydra bites you!
You die...

#....#
###....# ##.
##...###
##...###..
#.....#
#.....#..
##....##
##.......
#.....##
##......
###....##
###...#
#.....###
#####
###...§.####
#...Db...##
###.§.....##
###......#
####...#
#.....#
##....## ##
#....##
########.
#..>##
#......#.
#....##
#........


You could see a six-headed hydra.

Vanquished Creatures
  Harold (D:10)
  Josephine (D:10)
  Pikel (D:5)
  Joseph (D:9)
  2 trolls (D:11)
  Sonja (D:11)
  2 two-headed ogres (D:10)
  A hill giant zombie (D:8)
  5 yaks (D:11)
  A wraith (D:10)
  2 hungry ghosts
  Edmund (D:8)
  A hippogriff (D:7)
  A manticore (D:11)
  3 ice beasts
  2 slaves (D:5)
  4 orc warriors
  3 sky beasts
  A yellow wasp (D:10)
  A black bear (D:9)
  A phantom (D:4)
  2 centaurs
  5 ogres
  2 big kobolds
  A water moccasin (D:10)
  5 giant frogs
  A manticore skeleton (D:11)
  4 killer bees (D:9)
  8 wights
  A troll skeleton (D:10)
  3 crimson imps
  3 goliath beetles
  A giant frog zombie (D:7)
  3 iguanas
  5 jellies
  3 hounds
  A centaur skeleton (D:10)
  3 orc priests
  A two-headed ogre skeleton (D:10)
  6 orc wizards
  A scorpion (D:10)
  3 halflings (D:3)
  2 killer bee zombies (D:8)
  7 worker ants
  Jessica (D:3)
  An ogre skeleton (D:10)
  A mummy (D:10)
  A hound skeleton (D:10)
  7 gnolls
  A big kobold simulacrum (D:10)
  11 adders
  A giant mite (D:8)
  A worker ant simulacrum (D:10)
  6 worms
  An iguana skeleton (D:10)
  A giant gecko (D:3)
  43 orcs
  3 ball pythons
  16 bats
  2 bat zombies
  5 giant cockroaches
  15 goblins
  12 hobgoblins
  6 jackals
  27 kobolds
  7 quokkas
  A giant gecko skeleton (D:4)
  5 giant newts
  3 giant spores
  An orc zombie (D:10)
  19 rats
  A rat skeleton (D:5)
  A rat zombie (D:5)
  4 ballistomycetes
  A plant (D:3)
312 creatures vanquished.

Vanquished Creatures (others)
  A troll (D:10)
  An ice beast (D:5)
  2 adders
  2 giant geckos (D:5)
  A kobold (D:3)
  2 giant spores (D:11)
  A ballistomycete (D:11)
10 creatures vanquished.

Grand Total: 322 creatures vanquished

Notes
Turn   | Place    | Note
--------------------------------------------------------------
     0 | D:1      | PolkaDot, the Vampire Wizard, began the quest for the Orb.
     0 | D:1      | Reached XP level 1. HP: 11/11 MP: 6/6
    46 | D:1      | Reached skill level 1 in Conjurations
   308 | D:1      | Reached XP level 2. HP: 17/17 MP: 5/8
  1255 | D:2      | Reached XP level 3. HP: 20/22 MP: 0/10
  1712 | D:2      | Learned a level 3 spell: Mephitic Cloud
  2138 | D:3      | Reached XP level 4. HP: 26/28 MP: 10/12
  2148 | D:3      | Reached skill level 1 in Air Magic
  2336 | D:3      | Noticed Jessica
  2360 | D:3      | Killed Jessica
  2360 | D:3      | Reached XP level 5. HP: 25/33 MP: 11/13
  3234 | D:4      | Reached skill level 4 in Conjurations
  3234 | D:4      | Reached XP level 6. HP: 39/39 MP: 6/15
  3342 | D:4      | Found a bloodstained altar of Trog.
  3342 | D:4      | Found a shattered altar of Ashenzari.
  3353 | D:4      | Noticed an ogre
  3393 | D:4      | Killed an ogre
  3427 | D:4      | Noticed a phantom
  3432 | D:4      | Learned a level 3 spell: Conjure Flame
  3450 | D:4      | Killed a phantom
  3813 | D:4      | Reached XP level 7. HP: 42/44 MP: 7/17
  3985 | D:5      | Entered Level 5 of the Dungeon
  4027 | D:5      | Reached skill level 5 in Conjurations
  4263 | D:5      | Noticed Pikel
  4305 | D:5      | Killed Pikel
  4305 | D:5      | Reached skill level 6 in Conjurations
  4305 | D:5      | Reached XP level 8. HP: 42/50 MP: 3/18
  4407 | D:5      | Reached skill level 5 in Air Magic
  4515 | D:5      | Found a staircase to the Ecumenical Temple.
  4523 | Temple   | Entered the Ecumenical Temple
  4532 | Temple   | Became a worshipper of Sif Muna the Loreminder
  4953 | D:6      | Reached skill level 7 in Conjurations
  4965 | D:6      | Acquired Sif Muna's first power
  5139 | D:6      | Reached XP level 9. HP: 36/55 MP: 8/19
  5574 | D:7      | Acquired Sif Muna's second power
  5574 | D:7      | Reached skill level 8 in Conjurations
  6968 | D:8      | Reached skill level 1 in Invocations
  7012 | D:8      | Found a radiant altar of Vehumet.
  7363 | D:8      | Noticed AmberJosephineLiu's ghost (experienced LOAr)
  7396 | D:8      | Noticed Edmund
  7426 | D:8      | Killed Edmund
  8102 | D:9      | Found a staircase to the Orcish Mines.
  8403 | D:9      | Reached XP level 10. HP: 61/61 MP: 15/20
  8526 | D:9      | Noticed Joseph
  8562 | D:9      | Killed Joseph
  8562 | D:9      | Reached skill level 9 in Conjurations
  8785 | D:10     | Entered Level 10 of the Dungeon
  9299 | D:10     | Reached skill level 1 in Poison Magic
  9401 | D:10     | Noticed Harold
  9411 | D:10     | Killed Harold
  9411 | D:10     | Acquired Sif Muna's third power
  9852 | D:10     | Noticed Josephine
  9951 | D:10     | Killed Josephine
 10535 | D:10     | Reached skill level 10 in Conjurations
 10622 | D:10     | Reached XP level 11. HP: 60/66 MP: 11/21
 10920 | D:11     | Noticed Sonja
 10933 | D:11     | Reached skill level 10 in Air Magic
 11064 | D:11     | Killed Sonja
 11077 | D:11     | Found a burning altar of Makhleb.
 11298 | D:11     | Noticed a six-headed hydra
 11350 | D:11     | Mangled by a six-headed hydra

Action                   |  1- 3 |  4- 6 |  7- 9 | 10-12 || total
-------------------------+-------+-------+-------+-------++-------
Melee: Unarmed           |    80 |       |       |       ||    80
       Dagger            |    43 |   298 |   168 |       ||   509
       Short sword       |       |       |   191 |   166 ||   357
       Long sword        |       |       |       |     9 ||     9
 Cast: Magic Dart        |   109 |    32 |    85 |   147 ||   373
       Mephitic Cloud    |     3 |    20 |    61 |    45 ||   129
       Conjure Flame     |       |     4 |    34 |    45 ||    83
Invok: Channel Energy    |       |       |     4 |    92 ||    96
 Abil: Bottle Blood      |       |       |    29 |    10 ||    39
       Bat Form          |       |       |       |     4 ||     4
       End Transformatio |       |       |       |     3 ||     3
Evoke: Wand              |       |       |     4 |       ||     4
  Use: Potion            |     1 |     3 |    18 |    34 ||    56
       Scroll            |       |     3 |    20 |     3 ||    26
 Stab: Confused          |     2 |     6 |    22 |    22 ||    52
       Sleeping          |     2 |     1 |     4 |     2 ||     9
